 Dungeon Crawl Stone Soup version 0.14-a0-817-g3f7b0b1 (webtiles) character file.

6076 PolkaDot the Jinx (level 10, -5/63 HPs)
             Began as a Vampire Enchanter on Nov 12, 2013.
             Was an Elder of Sif Muna.
             Killed from afar by Josephine (32 damage)
             ... with a bolt of cold
             ... on Level 10 of the Dungeon.
             The game lasted 00:49:04 (7513 turns).

PolkaDot the Jinx (Vampire Enchanter)               Turns: 7513, Time: 00:49:06

HP  -5/63        AC  4     Str  7      XL: 10   Next: 48%
MP   3/21        EV 13     Int 17      God: Sif Muna [****..]
Gold 357         SH  0     Dex 17      Spells:  6 memorised,  0 levels left

Res.Fire  : + . .   See Invis. : +   a - +1,+2 dagger (elec)
Res.Cold  : . . .   Warding    : .   b - +1 robe
Life Prot.: + . .   Conserve   : .   (no shield)
Res.Poison: .       Res.Corr.  : +   (no helmet)
Res.Elec. : .       Clarity    : .   l - +0 cloak
Sust.Abil.: + .     Spirit.Shd : .   (no gloves)
Res.Mut.  : .       Stasis     : .   (no boots)
Res.Rott. : .       Flight     : .   p - amulet of resist corrosion
Saprovore : . . .                    g - ring of sustain abilities
                                     C - ring of protection from fire

@: somewhat resistant to hostile enchantments, extremely stealthy
A: bottle blood, fangs 3, see invisible, unbreathing
a: Bat Form, Bottle Blood, Channel Energy, Forget Spell, Renounce Religion


You were on level 10 of the Dungeon.
You worshipped Sif Muna.
Sif Muna was greatly pleased with you.
You were not thirsty.

You visited 2 branches of the dungeon, and saw 11 of its levels.

You collected 357 gold pieces.

Inventory:

Hand weapons
 a - a +1,+2 dagger of electrocution (weapon)
Missiles
 d - 8 darts (quivered)
Armour
 b - a +1 robe (worn)
 l - a +0 cloak (worn)
Magical devices
 k - a wand of teleportation (3)
 y - a wand of teleportation (3)
 A - a wand of invisibility (3)
 B - a wand of frost (13)
 F - a wand of fire (6)
Scrolls
 i - 2 scrolls of remove curse
 j - a scroll of curse weapon {unknown}
 m - a scroll of enchant weapon II
 x - a scroll of amnesia
 D - 2 scrolls of noise {unknown}
 E - 2 scrolls of teleportation
 G - a scroll of fog {unknown}
 J - a scroll of blinking
 K - 2 scrolls of identify
 L - a scroll of fear {unknown}
Jewellery
 f - an uncursed ring of hunger
 g - a ring of sustain abilities (right hand)
 p - an amulet of resist corrosion (around neck)
 C - a ring of protection from fire (left hand)
Potions
 h - 2 potions of might
 n - 2 potions of restore abilities
 o - a potion of agility
 r - 3 potions of brilliance
 t - 3 potions of curing
 v - a potion of speed
 z - a potion of heal wounds
 H - a potion of invisibility
Books
 c - a book of Maledictions

   Spells                             Type                      Level
   *Corona                            Hexes                        1
   *Sure Blade                        Hexes/Charms                 2
   *Ensorcelled Hibernation           Hexes/Ice                    2
   *Confuse                           Hexes                        3
   Enslavement                        Hexes                        4
   *Invisibility                      Hexes                        6
 w - a book of Dreams

   Spells                             Type                      Level
   *Ensorcelled Hibernation           Hexes/Ice                    2
   *Flight                            Charms/Air                   3
   Phase Shift                        Translocation                5
   Shadow Creatures                   Summoning                    5
   Mass Confusion                     Hexes                        6
   Darkness                           Hexes                        7
 I - a book of Power

   Spells                             Type                      Level
   Iskenderun's Mystic Blast          Conjuration                  4
   Venom Bolt                         Conjuration/Poison           5
   Bolt of Magma                      Conjuration/Fire/Earth       5
   Fulminant Prism                    Conjuration/Hexes            5
   Iron Shot                          Conjuration/Earth            6
   Orb of Destruction                 Conjuration                  7
Rods
 e - a +0 rod of the swarm (11/11)
   (You found it on level 5 of the Dungeon)


   Skills:
 - Level 7.2 Short Blades
 - Level 0.7 Throwing
 - Level 2.1 Dodging
 + Level 12.2 Stealth
 - Level 4.0 Spellcasting
 * Level 14.6 Hexes
 + Level 4.0 Charms


You couldn't memorise any spells.
You knew the following spells:

 Your Spells              Type           Power        Failure   Level  Hunger
f - Flight                Chrm/Air       ##........   21%         3    ###....
A - Corona                Hex            ######.      1%          1    None
B - Sure Blade            Hex/Chrm       #####.....   1%          2    ##.....
C - Confuse               Hex            ######..     1%          3    ###....
D - Ensorcelled Hibernat  Hex/Ice        ####..       1%          2    ##.....
I - Invisibility          Hex            ######..     8%          6    #######


Dungeon Overview and Level Annotations

Branches:
Dungeon (10/27)            Temple (1/1) D:4            Lair (0/8) D:9
    Orc: D:6-11

Altars:
Ashenzari
Cheibriados
Elyvilon
Fedhas
Kikubaaqudgha
Makhleb
Nemelex Xobeh
Okawaru
Sif Muna
Trog
Vehumet
Xom
Yredelemnul
Zin
the Shining One

Shops:
D:5 }   D:7 %

Annotations:
D:8 Gastronok
D:10 Josephine


Innate Abilities, Weirdness & Mutations

You can bottle blood from corpses.
You have razor-sharp teeth.*
You have supernaturally acute eyesight.
You can survive without breathing.*


Message History

Press: ? - help, Shift-Dir - straight line, f - yak zombie
Aim: a yak zombie The yak zombie appears confused.
Things that are here:
an orcish club; a chain mail; an uncursed orcish dagger; an orcish robe You hit the yak zombie.
A yak zombie comes into view.
You hit the yak zombie.
There is a sudden explosion of sparks!
You catch the helpless yak zombie completely off-guard!
You stick the yak zombie like a pincushion!!!
There is a sudden explosion of sparks!
You destroy the yak zombie!
You hit the orc skeleton but do no damage.
You hit the orc skeleton but do no damage.
The orc skeleton barely misses you.
Josephine points at you and mumbles some strange words.
The bolt of cold hits the orc skeleton.
The orc skeleton resists.
The bolt of cold hits you!
Ouch! That really hurt!
You die...

##.#.###.##.#.####.#.##
#..........#.# ##.##
########.#.###.####.# #.#
......%.....##.####.#####.#
.##########.##............#
#.###....########
#.###.#### #..>..###
#.....@.# #.#####z## #
#..@# #.z.# #..z# #...#
#.Z.# .. #######...####...#
##.........(.......


You could see Josephine, a yak zombie, a giant centipede zombie (wandering), a
giant frog skeleton (confused) and an orc skeleton.

Vanquished Creatures
  Pikel (D:7)
  A troll (D:10)
  A merfolk (D:7)
  A hippogriff (D:9)
  A manticore (D:9)
  A hungry ghost (D:7)
  3 necrophages
  An orc warrior (D:7)
  4 sky beasts
  A slave (D:7)
  2 ogres (D:6)
  An ice beast (D:9)
  4 centaurs
  4 phantoms
  Sigmund (D:2)
  8 giant frogs
  2 giant slugs (D:9)
  2 crocodiles (D:9)
  A water moccasin (D:6)
  A yak zombie (D:10)
  A troll zombie (D:10)
  3 crimson imps
  2 quasits
  4 goliath beetles
  5 hounds
  3 jellies
  An orc priest (D:10)
  4 orc wizards
  2 giant frog skeletons
  A big fish (D:7)
  2 iguanas
  4 scorpions
  9 worker ants
  An ogre skeleton (D:4)
  14 adders
  A giant centipede (D:7)
  2 giant mites (D:4)
  6 worms
  A goliath beetle zombie (D:9)
  2 adder skeletons
  A giant gecko (D:2)
  An ooze (D:3)
  25 orcs
  15 bats
  A bat skeleton (D:8)
  5 giant cockroaches
  14 goblins
  14 hobgoblins
  6 jackals
  17 kobolds
  2 quokkas
  4 giant newts
  2 giant spores
  A jackal skeleton (D:7)
  12 rats
  4 ballistomycetes
233 creatures vanquished.

Notes
Turn   | Place    | Note
--------------------------------------------------------------
     0 | D:1      | PolkaDot, the Vampire Enchanter, began the quest for the Orb.
     0 | D:1      | Reached XP level 1. HP: 13/13 MP: 4/4
   173 | D:1      | Reached XP level 2. HP: 16/19 MP: 5/5
   783 | D:2      | Reached skill level 5 in Hexes
   783 | D:2      | Reached XP level 3. HP: 13/24 MP: 6/6
   939 | D:2      | Learned a level 3 spell: Confuse
  1059 | D:2      | Noticed Sigmund
  1090 | D:2      | Killed Sigmund
  1090 | D:2      | Reached XP level 4. HP: 30/30 MP: 2/8
  1143 | D:2      | Reached XP level 5. HP: 22/35 MP: 7/9
  1275 | D:2      | Reached skill level 5 in Stealth
  1848 | D:3      | Reached skill level 6 in Hexes
  2561 | D:4      | Found a staircase to the Ecumenical Temple.
  2571 | Temple   | Entered the Ecumenical Temple
  2702 | Temple   | Became a worshipper of Sif Muna the Loreminder
  2748 | D:4      | Learned a level 2 spell: Ensorcelled Hibernation
  2769 | D:4      | Reached XP level 6. HP: 30/41 MP: 7/10
  2838 | D:4      | Reached skill level 7 in Hexes
  3041 | D:4      | Got a brightly glowing spear
  3042 | D:4      | Identified the +8,+5 spear of Scorn {slay drac, rN+ SInv} (You found it on level 4 of the Dungeon)
  3042 | D:4      | Identified the +8,+5 spear of Scorn {slay drac, rN+ SInv} (You found it on level 4 of the Dungeon)
  3493 | D:5      | Entered Level 5 of the Dungeon
  3500 | D:5      | Reached skill level 8 in Hexes
  3500 | D:5      | Reached XP level 7. HP: 30/46 MP: 4/11
  3517 | D:5      | Found Frarolan's Gadget Shoppe.
  3594 | D:5      | Reached skill level 5 in Short Blades
  3963 | D:5      | Identified a +0 rod of the swarm (11/11) (You found it on level 5 of the Dungeon)
  4060 | D:6      | Acquired Sif Muna's first power
  4060 | D:6      | Reached skill level 9 in Hexes
  4168 | D:6      | Reached XP level 8. HP: 29/52 MP: 2/13
  4193 | D:6      | Reached skill level 10 in Hexes
  4200 | D:6      | Found a shattered altar of Ashenzari.
  4433 | D:6      | Noticed a moth of wrath
  4577 | D:6      | Found a bloodstained altar of Trog.
  4670 | D:6      | Reached skill level 11 in Hexes
  5073 | D:7      | Found Titefrughuu's Food Boutique.
  5243 | D:7      | Noticed Pikel
  5278 | D:7      | Killed Pikel
  5278 | D:7      | Acquired Sif Muna's second power
  5278 | D:7      | Reached skill level 10 in Stealth
  5278 | D:7      | Reached skill level 12 in Hexes
  5278 | D:7      | Reached XP level 9. HP: 50/57 MP: 5/14
  5362 | D:7      | Learned a level 2 spell: Sure Blade
  5925 | D:8      | Noticed Gastronok
  6150 | D:8      | Learned a level 6 spell: Invisibility
  6204 | D:9      | Reached skill level 13 in Hexes
  6206 | D:9      | Reached skill level 1 in Charms
  6228 | D:9      | Found a sparkling altar of Nemelex Xobeh.
  6242 | D:9      | Found a glowing golden altar of the Shining One.
  6324 | D:9      | Reached XP level 10. HP: 59/63 MP: 14/21
  6778 | D:9      | Found a staircase to the Lair.
  6803 | D:9      | Reached skill level 14 in Hexes
  6860 | D:9      | Learned a level 3 spell: Flight
  6967 | D:10     | Entered Level 10 of the Dungeon
  6994 | D:10     | Acquired Sif Muna's third power
  7041 | D:10     | Noticed a hill giant
  7440 | D:10     | Noticed a hill giant
  7478 | D:10     | Noticed Josephine
  7513 | D:10     | Killed from afar by Josephine

Action                   |  1- 3 |  4- 6 |  7- 9 | 10-12 || total
-------------------------+-------+-------+-------+-------++-------
Melee: Dagger            |   110 |   159 |   225 |    80 ||   574
       Spear             |       |    25 |       |       ||    25
Throw: Dart              |     4 |       |     1 |     2 ||     7
 Cast: Corona            |     2 |     1 |       |       ||     3
       Confuse           |     1 |    21 |    27 |    14 ||    63
       Ensorcelled Hiber |       |       |    33 |    15 ||    48
       Sure Blade        |       |       |     3 |       ||     3
       Invisibility      |       |       |       |     3 ||     3
Evoke: Wand              |       |       |       |     3 ||     3
  Use: Potion            |     8 |       |     1 |     1 ||    10
       Scroll            |       |    12 |    10 |       ||    22
 Stab: Sleeping          |     7 |    14 |    42 |    25 ||    88
       Invisible         |     2 |       |       |       ||     2
       Distracted        |       |     1 |     1 |       ||     2
       Confused          |       |     9 |    11 |     9 ||    29
